Map: [ESL] Oceanborn

Players

Lemon

  • Race: Protoss Protoss
  • Spawn Location: 11:00

Oliveira - Winner!

  • Race: Terran Terran
  • Spawn Location: 5:00

Event: ESL SC2 Masters 2024 Spring (Regional)

VOD

Have the link to the VOD?

Description

Time

  • Played on: April 26, 2024, 5:54 a.m.
  • Length: 13:55

All games in this series

Show
View Real Time Build Order
Export as new Build Order

Lemon Protoss 

Build Orders: 1 Gate Expand, Blink Stalkers 

Get SALT Encoding   

  12  0:00  Probe  
  13  0:12  Probe  
  14  0:17  Pylon  
  14  0:24  Probe (Chrono Boost)  
  15  0:36  Probe (Chrono Boost), Gateway  
  16  0:44  Probe (Chrono Boost)  
  16  0:45  Assimilator  
  17  0:51  Probe  
  18  1:03  Probe  
  19  1:15  Probe  
  20  1:23  Cybernetics Core  
  22  1:31  Nexus  
  20  1:34  Probe  
  21  1:40  Pylon  
  21  1:46  Probe  
  22  1:50  Assimilator  
  22  1:56  Adept (Chrono Boost)  
  22  1:57  Warp Gate (Chrono Boost)  
  22  1:58  Probe  
  25  2:10  Probe  
  26  2:22  Twilight Council, Probe  
  27  2:31  Stalker  
  27  2:36  Probe (Chrono Boost)  
  30  2:41  Gateway  
  30  2:43  Probe (Chrono Boost)  
  32  2:52  Probe x2 (Chrono Boost)  
  32  2:56  Blink (Chrono Boost)  
  32  2:57  Probe (Chrono Boost)  
  33  2:58  Probe  
  35  3:10  Probe x2  
  37  3:19  Robotics Facility  
  37  3:22  Probe  
  37  3:23  Probe  
  37  3:25  Pylon  
  39  3:34  Probe  
  39  3:35  Probe  
  39  3:39  Stalker x2  
  45  3:49  Nexus  
  45  3:51  Probe  
  45  3:52  Probe  
  47  4:00  Pylon  
  47  4:03  Stalker  
  47  4:05  Stalker  
  47  4:07  Observer  
  51  4:10  Probe x2  
  51  4:15  Assimilator  
  54  4:17  Assimilator  
  54  4:22  Probe x2  
  54  4:24  Pylon  
  56  4:26  Stalker  
  56  4:30  Observer  
  56  4:31  Gateway  
  58  4:35  Probe x2  
  58  4:38  Gateway  
  61  4:46  Observer  
  61  4:47  Probe x2  
  61  4:49  Pylon  
  63  4:56  Shield Battery  
  63  4:59  Probe x2  
  65  5:03  Robotics Bay  
  65  5:11  Stalker x2, Probe, Shield Battery  
  70  5:16  Immortal (Chrono Boost)  
  74  5:24  Probe  
  75  5:29  Stalker  
  75  5:32  Stalker  
  79  5:35  Stalker x2  
  83  5:45  Immortal (Chrono Boost)  
  83  5:54  Stalker  
  83  5:56  Zealot  
  75  5:59  Stalker  
  75  6:00  Stalker  
  75  6:01  Probe x3  
  74  6:12  Observer  
  74  6:18  Stalker x2  
  74  6:24  Stalker x2, Probe x2  
  74  6:25  Probe  
  71  6:31  Colossus (Chrono Boost)  
  69  6:36  Probe  
  69  6:37  Probe x2  
  78  6:44  Extended Thermal Lance  
  78  6:45  Observer  
  78  6:46  Nexus, Forge  
  78  6:49  Probe  
  78  6:52  Pylon, Probe  
  78  6:53  Probe  
  81  6:54  Charge  
  81  6:57  Gateway  
  81  7:00  Gateway  
  81  7:04  Gateway  
  81  7:08  Gateway  
  81  7:09  Probe x2  
  81  7:12  Colossus (Chrono Boost)  
  81  7:14  Observer  
  83  7:17  Observer, Probe  
  83  7:21  Probe  
  83  7:22  Pylon, Protoss Ground Weapons Level 1 (Chrono Boost)  
  91  7:24  Probe  
  91  7:26  Zealot x2  
  97  7:30  Probe  
  97  7:33  Probe  
  97  7:36  Pylon  
  98  7:41  Probe  
  98  7:42  Probe, Gateway  
  98  7:43  Zealot, Gateway  
  102  7:45  Observer  
  102  7:54  Nexus  
  102  7:56  Probe  
  102  7:57  Pylon, Probe x2  
  105  7:59  Observer  
  105  8:02  Forge  
  105  8:09  Zealot x5  
  105  8:12  Probe x4  
  119  8:24  Zealot x3  
  119  8:26  Probe x3  
  128  8:32  Pylon  
  128  8:33  Stalker x2  
  128  8:34  Stalker  
  134  8:36  Stalker  
  134  8:39  Protoss Ground Armor Level 1 (Chrono Boost)  
  136  8:45  Pylon  
  136  8:47  Pylon  
  136  8:48  Pylon, Probe x2  
  136  8:49  Probe  
  136  8:50  Pylon  
  139  8:57  Pylon  
  139  9:00  Protoss Ground Weapons Level 2 (Chrono Boost)  
  139  9:01  Zealot x4  
  147  9:04  Robotics Facility  
  147  9:05  Robotics Facility  
  147  9:10  Probe x2, Gateway  
  147  9:12  Gateway  
  149  9:19  Zealot x5, Disruptor (Chrono Boost)  
  162  9:35  Stalker x4  
  170  9:41  Nexus  
  170  9:44  Pylon  
  170  9:45  Zealot x5  
  178  9:50  Assimilator, Disruptor (Chrono Boost)  
  178  9:51  Assimilator  
  184  9:58  Disruptor (Chrono Boost)  
  192  10:11  Zealot x2  
  167  10:32  Zealot x2  
  167  10:33  Zealot x9  
  164  10:52  Nexus  
  164  10:56  Zealot x4  
  164  10:57  Zealot x7  
  120  11:25  Zealot x5, Nexus  
  118  11:27  Protoss Ground Armor Level 2 (Chrono Boost)  
  118  11:28  Protoss Ground Weapons Level 3 (Chrono Boost)  
  118  11:30  Probe x4, Gateway  
  118  11:31  Gateway  
  122  11:34  Observer  
  122  11:45  Stalker x4  
  122  11:46  Gateway  
  130  11:47  Gateway  
  130  11:48  Stalker  
  132  11:59  Robotics Facility  
  132  12:00  Robotics Facility  
  132  12:06  Probe x2  
  132  12:07  Probe  
  137  12:11  Pylon  
  137  12:19  Zealot x3  
  137  12:20  Zealot x2  
  139  12:32  Zealot x2  
  141  12:43  Zealot  
  141  12:44  Zealot x6  
  87  12:52  Stalker  
  87  12:53  Stalker  
  91  13:02  Gateway  
  91  13:03  Gateway  
  91  13:04  Zealot x3, Stalker x2  
  91  13:05  Zealot x2  
  90  13:25  Pylon, Gateway x2  
  86  13:28  Zealot x3  
  86  13:29  Zealot, Stalker x3  
  86  13:31  Probe x2  
  64  13:50  Stalker x4  
Show
View Real Time Build Order
Export as new Build Order

Oliveira Terran - Winner!

Build Orders: Cyclone Opening 

Get SALT Encoding   

  12  0:00  SCV  
  13  0:12  SCV  
  14  0:16  Supply Depot  
  14  0:24  SCV  
  15  0:38  SCV  
  15  0:40  Barracks  
  16  0:44  Refinery  
  16  0:50  SCV  
  17  1:02  SCV  
  18  1:14  SCV  
  19  1:27  Marine  
  19  1:28  Orbital Command  
  20  1:39  Command Center  
  20  1:46  Barracks Reactor  
  20  1:52  Supply Depot  
  20  1:53  SCV  
  21  2:06  SCV  
  21  2:07  Factory  
  22  2:13  Refinery  
  22  2:18  SCV  
  22  2:22  Marine x2  
  25  2:30  SCV  
  26  2:39  Marine  
  26  2:40  Marine  
  26  2:42  SCV  
  29  2:50  Cyclone  
  31  2:51  Starport  
  31  2:55  Orbital Command  
  31  2:59  Marine  
  31  3:00  SCV  
  33  3:11  Marine  
  34  3:13  SCV  
  34  3:15  Orbital Command  
  34  3:17  Marine  
  36  3:22  Barracks  
  36  3:23  Factory Tech Lab  
  36  3:25  SCV  
  37  3:29  Marine  
  38  3:37  SCV  
  38  3:41  SCV, Starport Tech Lab, Supply Depot  
  40  3:44  Siege Tank  
  40  3:47  Marine  
  44  3:49  SCV  
  44  3:52  Marine  
  46  3:56  Supply Depot  
  46  4:03  SCV x2, Banshee  
  46  4:09  Barracks Tech Lab  
  51  4:10  Marine  
  51  4:15  SCV x2  
  54  4:18  Siege Tank  
  54  4:19  Supply Depot, Marine  
  58  4:27  Combat Shield, Marine x2  
  58  4:30  SCV x2  
  62  4:37  Supply Depot  
  62  4:40  Marine  
  62  4:44  SCV  
  62  4:45  SCV, Marine x2  
  64  4:46  Medivac  
  69  4:56  SCV  
  69  4:59  SCV, Marine  
  72  5:01  Supply Depot  
  72  5:03  Marine  
  73  5:10  Siege Tank  
  73  5:14  Command Center  
  76  5:16  SCV  
  76  5:18  Marine  
  78  5:24  Marine  
  79  5:29  Marine  
  79  5:31  SCV x2  
  79  5:34  Refinery  
  79  5:35  Engineering Bay  
  82  5:36  Engineering Bay  
  82  5:39  Marine  
  82  5:42  Marine  
  82  5:43  SCV  
  82  5:49  Marine  
  80  5:54  Siege Tank  
  80  5:57  SCV, Marine  
  81  5:58  Stimpack  
  81  5:59  SCV  
  81  6:00  Refinery, Marine  
  83  6:07  Marine  
  83  6:11  SCV  
  75  6:15  Marine  
  75  6:18  SCV, Marine  
  74  6:24  SCV  
  74  6:25  Marine  
  71  6:27  Terran Infantry Weapons Level 1, Siege Tank  
  70  6:33  Marine  
  70  6:34  Orbital Command  
  70  6:36  SCV, Barracks, Marine  
  70  6:37  SCV  
  70  6:38  Barracks x2  
  73  6:40  Starport Tech Lab  
  73  6:43  Marine  
  73  6:44  Terran Infantry Armor Level 1  
  67  6:48  SCV  
  67  6:51  SCV, Marine  
  67  6:52  Orbital Command  
  67  6:53  Marine  
  71  6:57  Starport Reactor, Supply Depot  
  71  6:59  Siege Tank  
  74  7:02  Marine  
  74  7:04  SCV x2  
  77  7:08  Marine  
  77  7:11  Marine  
  79  7:15  Refinery  
  79  7:16  SCV x2  
  79  7:18  SCV  
  79  7:19  Refinery, Marine  
  83  7:24  Barracks Reactor  
  83  7:26  Barracks Reactor  
  83  7:27  Barracks Reactor  
  83  7:28  SCV  
  83  7:29  SCV  
  85  7:30  SCV  
  85  7:32  Marine  
  85  7:33  Siege Tank, Factory  
  90  7:39  Marine  
  90  7:40  Supply Depot  
  90  7:41  SCV x2, Supply Depot, Marine  
  90  7:42  SCV  
  90  7:44  Armory  
  95  7:47  Medivac x2  
  95  7:49  Marine  
  100  7:53  SCV x2  
  100  7:54  SCV  
  100  7:56  Marine  
  104  7:58  Marine  
  104  8:00  Marine x2  
  104  8:02  Missile Turret  
  104  8:05  SCV, Siege Tank, Marine  
  111  8:06  Supply Depot  
  111  8:07  Marine  
  111  8:08  SCV x2  
  111  8:12  Command Center, Marine  
  116  8:13  Marine  
  116  8:15  Marine x2  
  116  8:17  Factory Tech Lab  
  116  8:19  Marine x2  
  121  8:24  Marine  
  124  8:29  Supply Depot, Marine  
  124  8:31  Supply Depot, Terran Infantry Weapons Level 2  
  123  8:35  Terran Vehicle Weapons Level 1, Marine  
  123  8:36  Siege Tank  
  123  8:38  Marine, Terran Infantry Armor Level 2  
  123  8:40  Marine  
  129  8:42  Marine x2  
  129  8:44  Marine x2  
  129  8:45  Marine  
  133  8:50  Marine  
  133  8:53  Siege Tank  
  133  8:55  Supply Depot, Marine  
  138  8:56  Supply Depot, Marine  
  138  8:58  Marine  
  138  9:01  Supply Depot  
  138  9:02  Marine x2  
  140  9:03  Marine x2  
  140  9:04  Marine  
  140  9:07  Medivac  
  146  9:10  Siege Tank  
  146  9:16  Medivac, Marine x2  
  153  9:20  Supply Depot, Marine  
  153  9:21  Supply Depot  
  153  9:22  Marine  
  155  9:27  Marine x2  
  155  9:29  Siege Tank  
  155  9:30  Marine  
  161  9:31  Marine  
  161  9:35  Marine x2  
  161  9:37  Marine  
  163  9:39  Medivac  
  163  9:42  Siege Tank, Marine x2  
  163  9:44  Supply Depot  
  163  9:45  Marine  
  171  9:48  Liberator, Marine x2  
  171  9:50  Marine  
  177  9:53  Marine  
  177  9:55  Marine x2  
  177  9:59  Marine  
  180  10:00  Marine  
  180  10:06  Planetary Fortress  
  182  10:09  Marine x2  
  182  10:10  Siege Tank  
  182  10:13  Marine x2  
  189  10:21  Marine  
  179  10:22  Marine  
  179  10:26  Marine  
  179  10:27  Marine  
  179  10:28  SCV x2  
  163  10:32  Marine  
  163  10:33  Marine x3  
  163  10:35  Siege Tank  
  155  10:39  Marine x2  
  155  10:41  SCV  
  155  10:42  SCV x2  
  151  10:46  Marine x2  
  151  10:47  Marine  
  154  10:50  Siege Tank, Marine  
  154  10:54  Marine x2  
  154  10:55  SCV x3  
  148  10:57  Marine x2  
  149  11:05  Marine x2  
  149  11:07  SCV  
  149  11:08  SCV x2  
  121  11:20  Marine  
  121  11:21  Medivac  
  121  11:22  Marine  
  121  11:23  Marine x2  
  121  11:25  SCV, Siege Tank  
  102  11:28  Marine x5  
  102  11:31  Medivac  
  106  11:36  Siege Tank  
  106  11:38  Marine  
  110  11:40  Marine  
  110  11:44  Marine x2  
  113  11:48  Marine  
  113  11:49  Marine x2  
  113  11:50  Marine  
  113  11:51  Marine  
  117  11:56  Marine  
  117  11:57  Medivac, Marine  
  121  12:02  Marine x2  
  121  12:04  Medivac, Siege Tank  
  121  12:06  Marine  
  129  12:14  Marine  
  130  12:17  Marine x2  
  130  12:18  Marine  
  130  12:20  Marine  
  130  12:21  Marine x2  
  135  12:26  Marine  
  135  12:27  Marine  
  134  12:32  Marine  
  134  12:34  Marine  
  134  12:35  Marine  
  134  12:36  Marine  
  134  12:38  Marine  
  134  12:41  Marine  
  134  12:42  Marine  
  117  12:44  Marine x2  
  117  12:49  Medivac x2, Siege Tank x2  
  117  12:50  Marine  
  130  12:52  Marine  
  130  12:53  Marine  
  130  12:54  Marine  
  130  12:57  Marine  
  134  12:59  Marine  
  135  13:06  Marine  
  135  13:07  Marine  
  135  13:10  Command Center  
  135  13:12  Marine x2  
  138  13:18  Marine  
  134  13:21  Siege Tank  
  134  13:24  Marine x2  
  139  13:27  Marine  
  139  13:28  Marine  
  141  13:36  Marine  
  141  13:37  Marine  
Tags
 
Add a new tag
Caveats
  • Supply blocks, unpowered buildings, or Contaminate may cause inaccurate times.
  • Supply counts are checked every 10 seconds.